 Dungeon Crawl Stone Soup version 0.31.0-11-ge490571c62 (webtiles) character file.

Game seed: 7834674853540696115

233 qw the Ducker (level 5, -2/26 HPs)
             Began as a Spriggan Hunter on Feb 4, 2024.
             Slain by an orc priest
             ... wielding a +0 hand axe
              (3 damage)
             ... on level 4 of the Dungeon.
             The game lasted 00:00:48 (1425 turns).

qw the Ducker (Spriggan Hunter)                     Turns: 1425, Time: 00:00:49

Health: -2/26      AC:  2    Str:  7    XL:     5   Next: 74%
Magic:  6/6        EV: 21    Int: 11    God:
Gold:   59         SH:  0    Dex: 20    Spells: 4/4 levels left

rFire   . . .        a - +0 shortbow
rCold   . . .        (shield currently unavailable)
rNeg    . . .        c - +0 robe
rPois   .            (helmet restricted)
rElec   .            (no cloak)
rCorr   .            (gloves unavailable)
SInv    +            (boots unavailable)
Will    .....        (no amulet)
Stlth   ++           (no ring)
HPRegen 0.24/turn    (no ring)
MPRegen 0.10/turn

%: no passive effects
@: very quick
A: very small, no large weapons, unfitting armour, see invisible, speed 3
a: no special abilities


You were on level 4 of the Dungeon.
You visited 1 branch of the dungeon, and saw 3 of its levels.

You collected 59 gold pieces.


Innate Abilities, Weirdness & Mutations

You are very small and have problems with some larger weapons.
You are too small for most types of armour.
You have supernaturally acute eyesight. (SInv)
You cover ground extremely quickly. (Speed+++)


   Skills:
 - Level 2.2 Fighting
 + Level 5.3 Ranged Weapons
 - Level 6.0 Dodging
 - Level 1.5 Stealth


You had 4 spell levels left.
You didn't know any spells.
Your spell library was empty.

Inventory:

Hand Weapons
 a - a +0 shortbow (weapon)
Armour
 c - a +0 robe (worn)
Jewellery
 f - a +6 ring of dexterity
 i - a ring of protection from fire
Scrolls
 b - a scroll of torment {unknown}
 e - 2 scrolls of identify {unknown}
 h - a scroll of amnesia {unknown}
Potions
 d - a potion of might {unknown}
 g - a potion of ambrosia {unknown}
 j - a potion of cancellation {unknown}

Dungeon Overview and Level Annotations

Branches:
Dungeon (2/15)

Altars:


Message History

The dart slug is lightly wounded.
You open the door.
A dart slug is nearby!
You shoot an arrow. The arrow hits the dart slug!
The dart slug is almost dead.
You hear the slow hiss of a distant avalanche of sand.
You shoot an arrow. The arrow hits the dart slug!
You kill the dart slug!
You open the door.
There is an open door here.
An orc priest and an iguana come into view.
You shoot an arrow.
The arrow completely misses the orc priest.
The iguana hisses angrily.
The orc priest calls down the wrath of Beogh upon you.
Beogh smites you!
You shoot an arrow.
The arrow hits the iguana but does no damage.
You shoot an arrow. The arrow hits the iguana!
The iguana is heavily wounded.
You shoot an arrow. The arrow hits the iguana.
The iguana is heavily wounded.
You shoot an arrow. The arrow hits the iguana.
The iguana is almost dead.
You shoot an arrow. The arrow hits the iguana.
The iguana is almost dead.
The orc priest invokes the aid of Beogh against you.
Beogh smites you! The iguana bites you.
You shoot an arrow. The arrow hits the iguana!
You kill the iguana!
You shoot an arrow. The arrow barely misses the orc priest.
You shoot an arrow. The arrow hits the orc priest.
The orc priest is moderately wounded.
The orc priest misses you.
You shoot an arrow. The arrow hits the orc priest.
The orc priest is heavily wounded.
The orc priest hits you with a +0 hand axe.
You shoot an arrow. The arrow barely misses the orc priest.
The orc priest hits you with a +0 hand axe.
You die...

.... #...
#..# #..#
#..# #..
##o#####.#
#.@.......
#..#####.#
#..#
#..##.#
#..##.#
#..##.#
#..##.#
#..##.#
#..##.#


You could see an orc priest.

Vanquished Creatures
  A black bear (D:4)
  Natasha (D:4)
  An iguana (D:4)
  Robin (D:2)
  3 adders
  A dart slug (D:4)
  3 orcs (D:4)
  3 bats (D:1)
  7 endoplasms
  11 goblins
  5 hobgoblins
  2 quokkas (D:1)
  3 ball pythons
  8 frilled lizards
  4 kobolds (D:1)
  A rat (D:2)
55 creatures vanquished.

Notes
Turn   | Place    | Note
-------+----------+-------------------------------------------
     0 | D:1      | qw the Spriggan Hunter began the quest for the Orb.
     0 | D:1      | Reached XP level 1. HP: 10/10 MP: 2/2
     0 | D:1      | 0 ||| qw: Version: 0.3-a-160-g6735b56
     0 | D:1      | 0 ||| qw: Game counter: 5900
     0 | D:1      | 0 ||| qw: Melee chars always use a shield: true
     0 | D:1      | 0 ||| qw: God list: Okawaru
     0 | D:1      | 0 ||| qw: Allow faded altars: false
     0 | D:1      | 0 ||| qw: Do Orc after clearing Dungeon:15 true
     0 | D:1      | 0 ||| qw: Do second Lair branch before Depths: true
     0 | D:1      | 0 ||| qw: Lair rune preference: random
     0 | D:1      | 0 ||| qw: Goals: Normal
     0 | D:1      | 0 ||| PLANNING D:1-11
    43 | D:1      | Reached skill level 3 in Dodging
   128 | D:1      | Reached XP level 2. HP: 14/14 MP: 3/3
   250 | D:1      | Reached skill level 4 in Dodging
   825 | D:1      | 825 ||| READING scroll labelled WOR ROUDOTHREL.
   826 | D:1      | 826 ||| READING scroll labelled LAGGIUGUCH.
   826 | D:1      | 826 ||| ENCHANTING +0 shortbow.
   827 | D:1      | 827 ||| DROPPING scroll of butterflies.
   855 | D:2      | Reached XP level 3. HP: 18/18 MP: 4/4
   858 | D:2      | Noticed Robin
   868 | D:2      | Killed Robin
   869 | D:2      | 869 ||| FLEEEEING.
   870 | D:2      | 870 ||| FLEEEEING.
   871 | D:2      | 871 ||| FLEEEEING.
   872 | D:2      | 872 ||| FLEEEEING.
   873 | D:2      | 873 ||| FLEEEEING.
   874 | D:2      | 874 ||| FLEEEEING.
   875 | D:2      | 875 ||| STAIRDANCE
   887 | D:2      | 887 ||| STAIRDANCE
   894 | D:2      | 894 ||| STAIRDANCE
  1078 | D:2      | Reached XP level 4. HP: 18/22 MP: 5/5
  1185 | D:2      | You fall into a shaft and drop 2 floors!
  1186 | D:4      | 1186 ||| PLANNING OSSUARY
  1189 | D:4      | Noticed a black bear
  1199 | D:4      | Killed a black bear
  1200 | D:4      | Reached skill level 6 in Dodging
  1200 | D:4      | Reached XP level 5. HP: 18/25 MP: 6/6
  1350 | D:4      | Noticed Natasha
  1353 | D:4      | Killed Natasha
  1420 | D:4      | HP: 4/26 [iguana (3)]
  1424 | D:4      | HP: 1/26 [orc priest/+0 hand axe (4)]
  1425 | D:4      | Slain by an orc priest

Levels and vault maps discovered:
D:1:      onia_arrival_mini_spirals, layout_loops_corners, feat_on_display
D:2:      layout_rooms, uniq_robin
D:4:      layout_basic, enter_ossuary_5, uniq_natasha

Skill      XL: |  1  2  3  4  5 |
---------------+----------------+-----
Dodging        | 3 4 6 |  6.0
Ranged Weapons | 5 |  5.3
Fighting       | 2 |  2.2
Stealth        | |  1.5

Action                     |  1- 3 |  4- 6 || total
---------------------------+-------+-------++-------
   Fire: Shortbow          |   104 |    40 ||   144
    Use: Scroll            |     2 |       ||     2
 Armour: Robe              |    15 |     7 ||    22
  Dodge: Dodged            |    39 |    14 ||    53

Table legend:
 A = Non-vault XP
 B = Vault XP
 C = Vault XP percentage of total XP
 D = Non-vault monster count
 E = Vault monster count
 F = Vault count percentage of total count
                 A         B        C        D         E       F
            +---------+---------+-------+---------+---------+-------
      Total |     262 |      71 |  21.3 |      43 |      12 |  21.8
            +---------+---------+-------+---------+---------+-------
        D:1 |      40 |       4 |   9.1 |      25 |       2 |   7.4
        D:2 |      38 |      31 |  44.9 |      11 |       9 |  45.0
        D:4 |     184 |      36 |  16.4 |       7 |       1 |  12.5
            +---------+---------+-------+---------+---------+-------
